 Dungeon Crawl Stone Soup version 0.31.0-9-g3a7656b989 (webtiles) character file.

Game seed: 219986732675868568

501 qw the Skirmisher (level 6, -1/36 HPs)
             Began as a Deep Elf Hunter on Feb 2, 2024.
             Succumbed to a kobold brigand's curare-tipped dart
             ... in a sewer.
             The game lasted 00:00:12 (3278 turns).

qw the Skirmisher (Deep Elf Hunter)                 Turns: 3278, Time: 00:00:13

Health: -1/36      AC:  5    Str: 10    XL:     6   Next: 95%
Magic:  8/8        EV: 11    Int: 14    God:
Gold:   277        SH:  0    Dex: 18    Spells: 5/5 levels left

rFire   . . .        a - +1 shortbow (flame)
rCold   + . .        (shield currently unavailable)
rNeg    . . .        i - +0 ring mail
rPois   .            (no helmet)
rElec   .            (no cloak)
rCorr   .            (no gloves)
SInv    .            (no boots)
Will    .....        c - amulet of regeneration
Stlth   +            f - ring of protection from cold
HPRegen 1.06/turn    (no ring)
MPRegen 0.11/turn

%: no passive effects
@: lethally poisoned (-1 -> -6), slowed, very slow
A: no striking features
a: no special abilities


You were in a sewer.
You visited 1 branch of the dungeon, and saw 5 of its levels.
You also visited: Sewer.

You collected 277 gold pieces.


   Skills:
 - Level 2.4 Fighting
 + Level 10.3 Ranged Weapons
 - Level 3.0 Dodging
 - Level 1.2 Stealth


You had 5 spell levels left.
You didn't know any spells.
Your spell library was empty.

Inventory:

Hand Weapons
 a - a +1 shortbow of flaming (weapon)
Armour
 i - a +0 ring mail (worn)
Jewellery
 c - an amulet of regeneration (around neck)
 f - a ring of protection from cold (left hand)
Wands
 k - a wand of roots (8)
Potions
 b - a potion of heal wounds {unknown}
 j - a potion of resistance

Dungeon Overview and Level Annotations

Branches:
Dungeon (5/15)              Sewer (1/1)
 Temple: D:4-7

Altars:
Makhleb
Vehumet
The Shining One

Shops:
D:5 (


Message History

The kobold brigand throws a curare-tipped dart.
The curare-tipped dart hits you.
You are poisoned.
You have difficulty breathing.
You feel yourself slow down.
You shoot an arrow. The arrow hits the rat!
The arrow burns the rat.
You kill the rat!
You feel very sick.
You shoot an arrow.
The arrow closely misses the kobold brigand.
You feel sick.
The kobold brigand throws a curare-tipped dart.
The curare-tipped dart hits you.
You are more poisoned.
You have difficulty breathing.
You feel as though you will be slow longer.
You shoot an arrow.
The arrow closely misses the kobold brigand.
You feel very sick.
You shoot an arrow. The arrow hits the kobold brigand.
The arrow burns the kobold brigand.
The kobold brigand is heavily wounded.
You feel very sick.
You shoot an arrow. The arrow hits the kobold brigand.
The arrow burns the kobold brigand.
The kobold brigand is heavily wounded.
You feel very sick.
The kobold brigand throws a curare-tipped dart.
The curare-tipped dart hits you.
You are more poisoned.
You have difficulty breathing.
You feel as though you will be slow longer.
You shoot an arrow. The arrow hits the kobold brigand.
The arrow burns the kobold brigand.
The kobold brigand is severely wounded.
You feel very sick.
You shoot an arrow. The arrow hits the kobold brigand.
The arrow burns the kobold brigand.
You kill the kobold brigand!
You hear a splash. x2
You die...

##.~~.~~~.~~~~
#~~~.~#####~.~
#~~..## #~~
#~..## . #~.~#
#.~~# ##~~~##
#..~~~#
#@###~# #)# ~#
#.# ~# ~~. .~
~#~ #~ ~# #~
~# #. .#


There were no monsters in sight!

Vanquished Creatures
  2 phantoms (D:4)
  A kobold brigand (Sewer)
  A scorpion (D:5)
  A hound (D:3)
  A bombardier beetle (D:3)
  2 orc priests (D:4)
  An iguana (D:5)
  6 adders
  3 gnolls (D:4)
  4 orcs
  4 bats (D:1)
  8 endoplasms
  A giant cockroach (D:2)
  6 goblins
  7 hobgoblins
  7 jackals
  2 quokkas
  4 ball pythons
  4 frilled lizards
  9 kobolds
  3 rats
77 creatures vanquished.

Notes
Turn   | Place    | Note
-------+----------+-------------------------------------------
     0 | D:1      | qw the Deep Elf Hunter began the quest for the Orb.
     0 | D:1      | Reached XP level 1. HP: 12/12 MP: 3/3
     0 | D:1      | 0 ||| qw: Version: 0.3-a-155-g5e7d8dd
     0 | D:1      | 0 ||| qw: Game counter: 286
     0 | D:1      | 0 ||| qw: Melee chars always use a shield: true
     0 | D:1      | 0 ||| qw: God list: Okawaru
     0 | D:1      | 0 ||| qw: Allow faded altars: false
     0 | D:1      | 0 ||| qw: Do Orc after clearing Dungeon:15 true
     0 | D:1      | 0 ||| qw: Do second Lair branch before Depths: true
     0 | D:1      | 0 ||| qw: Lair rune preference: random
     0 | D:1      | 0 ||| qw: Goals: Normal
     0 | D:1      | 0 ||| PLANNING D:1-11
   135 | D:1      | Reached XP level 2. HP: 11/16 MP: 4/4
   139 | D:1      | Reached skill level 6 in Ranged Weapons
   694 | D:1      | 694 ||| UPGRADING to ring of protection from cold.
   695 | D:1      | 695 ||| READING 2 scrolls labelled TUMNICE CAXOE.
   696 | D:1      | 696 ||| READING 3 scrolls labelled HADWEGOZEG.
   797 | D:1      | 797 ||| READING scroll labelled ZIORCHU RUVUPT.
   797 | D:1      | 797 ||| ENCHANTING +0 shortbow.
   798 | D:1      | 798 ||| DROPPING scroll of butterflies.
   799 | D:1      | 799 ||| DROPPING scroll of immolation.
   800 | D:1      | 800 ||| DROPPING 2 scrolls of vulnerability.
   953 | D:2      | Reached XP level 3. HP: 20/20 MP: 5/5
  1244 | D:2      | Reached skill level 7 in Ranged Weapons
  1471 | D:2      | 1471 ||| UPGRADING to +0 ring mail.
  1481 | D:2      | 1481 ||| DROPPING +0 leather armour.
  1482 | D:2      | 1482 ||| READING scroll labelled HYURGH ESEAPN.
  1483 | D:2      | 1483 ||| READING scroll labelled MAPLIS JUITICKIA.
  1488 | D:2      | 1488 ||| DRINKING 2 fizzy puce potions.
  1489 | D:2      | 1489 ||| DROPPING potion of degeneration.
  1519 | D:3      | 1519 ||| STAIRDANCE
  1526 | D:3      | 1526 ||| STAIRDANCE
  1531 | D:3      | 1531 ||| STAIRDANCE
  1541 | D:2      | HP: 5/20 [poisoned by an adder]
  1762 | D:3      | Reached XP level 4. HP: 25/25 MP: 6/6
  1960 | D:3      | Reached skill level 8 in Ranged Weapons
  2003 | D:3      | Reached XP level 5. HP: 29/29 MP: 7/7
  2301 | D:3      | 2301 ||| UPGRADING to amulet of regeneration.
  2306 | D:3      | 2306 ||| READING scroll labelled YMNYM JOOM.
  2307 | D:3      | 2307 ||| READING scroll labelled ZAUQOODGHAHIA.
  2307 | D:3      | 2307 ||| BRANDING +1 shortbow.
  2308 | D:3      | 2308 ||| READING 2 scrolls labelled LUVVUA GILA.
  2308 | D:3      | 2308 ||| IDENTIFYING black potion
  2309 | D:3      | 2309 ||| READING scroll of identify.
  2309 | D:3      | 2309 ||| IDENTIFYING blue potion
  2310 | D:3      | 2310 ||| DROPPING potion of lignification.
  2311 | D:3      | 2311 ||| DROPPING potion of attraction.
  2409 | D:4      | Noticed a phantom
  2422 | D:4      | Killed a phantom
  2423 | D:4      | Reached skill level 9 in Ranged Weapons
  2471 | D:4      | Found a radiant altar of Vehumet.
  2538 | D:4      | Noticed a phantom
  2544 | D:4      | Killed a phantom
  2545 | D:4      | Reached XP level 6. HP: 33/36 MP: 8/8
  2871 | D:4      | 2871 ||| READING scroll of identify.
  2871 | D:4      | 2871 ||| IDENTIFYING dark potion
  2872 | D:4      | 2872 ||| READING scroll labelled ROBIUD ATHOT.
  2874 | D:4      | 2874 ||| Stepping ~*~*~tactically~*~*~ (cloud).
  2911 | D:5      | Entered Level 5 of the Dungeon
  2912 | D:5      | 2912 ||| PLANNING SEWER
  2930 | D:5      | Reached skill level 10 in Ranged Weapons
  3016 | D:5      | Found a burning altar of Makhleb.
  3017 | D:5      | Noticed a balrug
  3106 | D:5      | 3106 ||| DROPPING +1 robe of positive energy.
  3127 | D:5      | Found a glowing golden altar of the Shining One.
  3184 | D:5      | Found Liusaoz's Weapon Shoppe.
  3220 | D:5      | Found a glowing drain.
  3236 | D:5      | Reached skill level 3 in Dodging
  3247 | Sewer    | Entered a sewer
  3276 | Sewer    | HP: 6/36 [asphyx]
  3277 | Sewer    | HP: 2/36 [poisoned by a kobold brigand (curare-tipped
                  | dart)]
  3278 | Sewer    | Succumbed to a kobold brigand's curare-tipped dart

Levels and vault maps discovered:
D:1:      giann_horns, layout_basic, chequers_arboretum
D:2:      layout_loops_ring
D:3:      layout_loops_ring, dreamdust_princess_corridor
D:4:      layout_cave_pools, nicolae_overflow_crystal_walls, saegor_snake_ambush
D:5:      cheibrodos_barr_body, layout_basic, kennysheep_mini,
          makhleb_altar_promises_db, serial_shops, nicolae_inconvenience_store,
          gup_sewer_entry_glass, gammafunk_ghost_grave, corexii_shack,
          nicolae_underground_beach
Sewer:    sewer_co_tree

Skill      XL: |  1  2  3  4  5  6 |
---------------+-------------------+-----
Ranged Weapons | 6 7 8 9 10 | 10.3
Fighting       | 2 |  2.4
Dodging        | 3 |  3.0
Stealth        | |  1.2

Action                     |  1- 3 |  4- 6 || total
---------------------------+-------+-------++-------
   Fire: Shortbow          |    97 |   128 ||   225
    Use: Scroll            |     5 |     6 ||    11
         Potion            |     1 |       ||     1
 Armour: Leather armour    |    15 |       ||    15
         Ring mail         |     8 |    41 ||    49
  Dodge: Dodged            |    21 |    45 ||    66

Table legend:
 A = Non-vault XP
 B = Vault XP
 C = Vault XP percentage of total XP
 D = Non-vault monster count
 E = Vault monster count
 F = Vault count percentage of total count
                 A         B        C        D         E       F
            +---------+---------+-------+---------+---------+-------
      Total |     672 |     139 |  17.1 |      69 |       8 |  10.4
            +---------+---------+-------+---------+---------+-------
        D:1 |      37 |       0 |   0.0 |      21 |       0 |   0.0
        D:2 |      46 |       0 |   0.0 |      14 |       0 |   0.0
        D:3 |     119 |       0 |   0.0 |      19 |       0 |   0.0
        D:4 |     350 |      15 |   4.1 |      13 |       3 |  18.8
        D:5 |     120 |      28 |  18.9 |       2 |       3 |  60.0
      Sewer |       0 |      96 | 100.0 |       0 |       2 | 100.0
            +---------+---------+-------+---------+---------+-------
